 Dungeon Crawl Stone Soup version 0.27-a0-29-g2d0a2396b0 (webtiles) character file.

Game seed: 5137101379110602938

2 funkygono the Gusty (level 1, -1/14 HPs)
             Began as a Draconian Air Elementalist on Jan 3, 2021.
             Succumbed to a goblin's poison
             ... on level 1 of the Dungeon.
             The game lasted 00:00:29 (213 turns).

funkygono the Gusty (Draconian Air Elementalist)     Turns: 213, Time: 00:00:30

Health: -1/14      AC:  5    Str: 10    XL:     1   Next: 25%
Magic:  1/3        EV: 12    Int: 15    God:
Gold:   15         SH:  0    Dex: 11    Spells: 3/4 levels left

rFire    . . .     SeeInvis .   (no weapon)
rCold    . . .     Faith    .   (no shield)
rNeg     . . .     Spirit   .   (armour unavailable)
rPois    .         Reflect  .   (helmet restricted)
rElec    .         Harm     .   (no cloak)
rCorr    .         Rampage  .   d - +0 pair of gloves
Will     .....                  (no boots)
Stlth    ++........             (no amulet)
HPRegen  0.04/turn              (no ring)
MPRegen  0.08/turn              (no ring)

@: lethally poisoned (-1 -> -32), very slightly contaminated
A: unfitting armour, cold-blooded, AC +4
a: no special abilities


You were on level 1 of the Dungeon.
You visited 1 branch of the dungeon, and saw 1 of its levels.

You collected 15 gold pieces.

Inventory:

Armour
 c - a +0 buckler
 d - a +0 pair of gloves (worn)
Scrolls
 a - a scroll of remove curse {unknown}
 b - a scroll of magic mapping {unknown}


   Skills:
 + Level 1.8 Dodging
 + Level 1.7 Stealth
 * Level 2.0 Spellcasting
 * Level 1.0 Conjurations
 * Level 3.0 Air Magic


You had 3 spell levels left.
You knew the following spells:

 Your Spells              Type           Power        Failure   Level
a - Shock                 Conj/Air       28%          10%         1

Your spell library contained the following spells:

 Spells                   Type           Power        Failure   Level
 Swiftness                Air            10%          10%         2
 Static Discharge         Conj/Air       7%           28%         3
 Airstrike                Air            5%           54%         4
 Lightning Bolt           Conj/Air       3%           95%         5


Dungeon Overview and Level Annotations

Branches:
Dungeon (1/15)

Altars:


Innate Abilities, Weirdness & Mutations

Your plain brown scales are hard. (AC +4)
You cannot fit into any form of body armour.
You are cold-blooded and may be slowed by cold attacks.


Message History

The goblin hits you with a +1 dagger of venom.
You are lethally poisoned!
You closely miss the goblin.
You feel sick.
The goblin hits you with a +1 dagger of venom.
You are more poisoned.
You barely miss the goblin.
Your tail-slap misses the goblin.
You feel sick. The goblin hits you but does no damage.
You are more poisoned.
You hit the goblin.
The goblin is severely wounded.
* * * LOW HITPOINT WARNING * * *
You feel sick. The goblin closely misses you.
You hit the goblin but do no damage.
Your tail-slap misses the goblin.
The goblin is severely wounded.
* * * LOW HITPOINT WARNING * * *
You feel very sick. The goblin hits you but does no damage.
You hit the goblin.
You kill the goblin!
You die...

.### . .####... #####+#####
........ #.........# ..###...
?........# ..# ........#
..###... #........ ..##...#
#.# ..##...# #)# ..##...#
######@# ..##...# #....#.#
..##...# #....#.# ..##...#
#....#.#
..##...####....#.#########
....†..............(.....#
...########.....#############
...# #.........# #.# ...#
#....####.# #.#


There were no monsters in sight!

Vanquished Creatures
  A bat (D:1)
  A frilled lizard (D:1)
  A goblin (D:1)
  A kobold (D:1)
4 creatures vanquished.

Notes
Turn   | Place    | Note
-------+----------+-------------------------------------------
     0 | D:1      | funkygono the Draconian Air Elementalist began the quest
                  | for the Orb.
     0 | D:1      | Reached XP level 1. HP: 14/14 MP: 3/3
   213 | D:1      | Succumbed to a goblin's poison

Illustrated notes

Levels and vault maps discovered:
D:1:      scummos_arrival_simple_fountains, layout_basic, doesnt_xom_only_xom

Action                   || total
-------------------------++-------
Melee: Unarmed           ||     5
 Cast: Shock             ||     6
Armor: Skin              ||     2
Dodge: Dodged            ||     1

Table legend: (Time is in decaauts)
 A = Elapsed time spent in this place.
 B = Non-inter-level travel time spent in this place.
 C = Inter-level travel time spent in this place.
 D = Time resting spent in this place.
 E = Time spent auto-exploring this place.
 F = Levels seen in this place.
 G = Mean time per level.
                   A        B        C        D        E       F      G
               +--------+--------+--------+--------+--------+-----+--------+
         Total |    213 |    213 |      0 |      0 |    177 |   1 |  213.0 |
       Dungeon |    213 |    213 |      0 |      0 |    177 |   1 |  213.0 |
               +--------+--------+--------+--------+--------+-----+--------+

Top non-repeatable levels by time:
     D:1: 213 daAuts
